 Dungeon Crawl Stone Soup version 0.28.0-45-g0d030f2227 (webtiles) character file.

Game seed: 12738832814429984637

242 101zpm the Magician (level 6, -5/41 HPs)
             Began as a Djinni Ice Elementalist on Apr 17, 2022.
             Slain by a phantom (6 damage)
             ... on level 2 of the Dungeon.
             The game lasted 00:08:46 (4183 turns).

101zpm the Magician (Djinni Ice Elementalist)       Turns: 4183, Time: 00:08:47

Health: -5/41      AC:  5    Str:  7    XL:     6   Next: 31%
Gold:   75         EV: 12    Int: 19    God:
                   SH:  0    Dex: 13

rFire   + + .      SeeInvis .   h - +7 flail of the Incandescent {vorpal, Will+ Stlth+}
rCold   x . .      Faith    .   (no shield)
rNeg    + . .      Spirit   .   l - +0 robe {rN+}
rPois   ∞          Reflect  .   m - +2 helmet
rElec   .          Harm     .   (no cloak)
rCorr   .          Rampage  .   (no gloves)
Will    +....                   (boots unavailable)
Stlth   +++.......              (no amulet)
HPRegen 0.13/turn               (no ring)
MPRegen 0.00/turn               (no ring)

@: flying
A: sickness immunity, fire resistance 2, cold vulnerability 1, float, innate
caster, HP casting, extra vitality 1
a: no special abilities


You were on level 2 of the Dungeon.
You visited 1 branch of the dungeon, and saw 3 of its levels.

You collected 75 gold pieces.

Inventory:

Hand Weapons
 d - a +0 dagger
 h - the +7 flail of the Incandescent (weapon) {vorpal, Will+ Stlth+}
   (You found it on level 3 of the Dungeon)

   It inflicts extra damage upon your enemies.
   Will:      It increases your willpower.
   Stlth:     It makes you more stealthy.
 n - the +7 war axe "Omelette" {vorpal, Int+4}
   (You found it on level 2 of the Dungeon)

   It inflicts extra damage upon your enemies.
   Int:       It affects your intelligence (+4).
Missiles
 e - 78 stones
 f - 18 sling bullets
Armour
 a - a +0 robe
 l - a +0 robe of positive energy (worn)
 m - a +2 helmet (worn)
Scrolls
 b - a scroll of immolation {unknown}
 c - a scroll of identify {unknown}
 g - a scroll of teleportation {unknown}
 k - a scroll of blinking {unknown}
 p - a scroll of summoning {unknown}
Potions
 i - a potion of flight {unknown}
 j - 2 potions of cancellation {unknown}
 o - 2 potions of curing {unknown}
 q - a potion of brilliance {unknown}


   Skills:
 + Level 0.4 Fighting
 + Level 1.1 Maces & Flails
 + Level 2.4 Dodging
 + Level 2.0 Stealth
 + Level 0.4 Unarmed Combat
 + Level 5.1 Spellcasting


You had one spell level left.
You knew the following spells:

 Your Spells              Type           Power      Damage    Failure   Level
a - Freeze                Ice            96%        1d11      1%          1
b - Frozen Ramparts       Ice            48%        1d6       4%          3
c - Ozocubu's Armour      Ice            24%        N/A       4%          3
d - Hailstorm             Conj/Ice       24%        3d7       14%         4
e - Pain                  Necr           96%        1d8       1%          1
f - Ensorcelled Hibernat  Hex/Ice        48%        N/A       2%          2
Your spell library was empty.

Dungeon Overview and Level Annotations

Branches:
Dungeon (3/15)

Altars:

Shops:
D:1 !?


Innate Abilities, Weirdness & Mutations

You are immune to sickness and miasma.
You are immune to poison.
Your flesh is very heat resistant. (rF++)
You are vulnerable to cold. (rC-)
You float through the air rather than walking.
You learn spells naturally, not from books.
Your magical power is your life essence.
You have superior vitality. (+4 MHP)


Message History

The phantom is moderately damaged.
The phantom hits you.
You hit the phantom.
The phantom is heavily damaged.
The phantom hits you!
You barely miss the phantom.
The phantom is heavily damaged.
The phantom closely misses you. The phantom hits you.
You completely miss the phantom. Your punch misses the phantom.
The phantom is heavily damaged.
The phantom barely misses you.
You barely miss the phantom.
The phantom is heavily damaged.
The phantom hits you.
The phantom blinks!
You blink.
Found 10 gold pieces.
You closely miss the phantom.
The phantom is heavily damaged.
The phantom hits you but does no damage. x2
You hit the phantom.
The phantom is severely damaged.
The phantom hits you.
* * * LOW HITPOINT WARNING * * *
You barely miss the phantom. Your punch misses the phantom.
The phantom is severely damaged.
The phantom closely misses you.
You closely miss the phantom.
The phantom is severely damaged.
The phantom closely misses you. The phantom hits you.
* * * LOW HITPOINT WARNING * * *
The phantom blinks!
You blink.
Casting: Ozocubu's Armour (dangerous; 4% risk of failure)
Confirm with . or Enter, or press ? or * to list all spells.
You can't see any susceptible monsters within range! (Use Z to cast anyway.)
You closely miss the phantom.
The phantom is severely damaged.
The phantom hits you!
* * * LOW HITPOINT WARNING * * *
You hit the phantom but do no damage.
The phantom is severely damaged.
The phantom hits you.
You die...

#....# ###.#..... #....#
#......... #....# #.....<...
##....# #......... ..# #.....#
#......... ..# #§....#####
#......... ..# #.♣.......#
######........# ..#
#....†....###....#........# ..##
#...§§....@W..............# ....
#.....(...................#
............................#####
.....###########........###......
##.$ #.............<##. #####
#..............##. ....#
#######........... ###.# ########
#...†.#+#..## #.# #......#
#...........#


You could see a phantom.

Vanquished Creatures
  Sigmund (D:3)
  Robin (D:3)
  An adder (D:2)
  3 worms
  3 dart slugs
  3 endoplasms
  4 giant cockroaches
  17 goblins
  7 hobgoblins
  2 quokkas
  4 ball pythons
  3 bats
  6 kobolds
  5 rats
60 creatures vanquished.

Notes
Turn   | Place    | Note
-------+----------+-------------------------------------------
     0 | D:1      | 101zpm the Djinni Ice Elementalist began the quest for the
                  | Orb.
     0 | D:1      | Reached XP level 1. HP: 15/15 MP: 0/0
   365 | D:1      | Found Amahu's Magic Scroll Shop.
   372 | D:1      | Reached XP level 2. HP: 10/21 MP: 0/0
   823 | D:1      | Found Fofar's Distillery.
   996 | D:1      | Noticed a shining eye
   997 | D:1      | Found a faded altar of an unknown god.
  1024 | D:1      | Noticed an eye of devastation
  1028 | D:1      | Reached XP level 3. HP: 24/25 MP: 0/0
  1028 | D:1      | Learned a level 1 spell: Pain
  1036 | D:1      | Noticed a great orb of eyes
  1036 | D:1      | Noticed an eye of devastation
  1765 | D:3      | Reached skill level 4 in Spellcasting
  2098 | D:3      | Identified the +7 flail of the Incandescent {vorpal, Will+
                  | Stlth+}
  2607 | D:3      | Noticed Robin
  2617 | D:3      | Reached XP level 4. HP: 28/31 MP: 0/0
  2664 | D:3      | Killed Robin
  3140 | D:3      | Noticed Sigmund
  3148 | D:3      | HP: 1/31 [Sigmund/+0 scythe (4)]
  3150 | D:3      | Killed Sigmund
  3151 | D:3      | Reached skill level 1 in Maces & Flails
  3151 | D:3      | Reached skill level 5 in Spellcasting
  3151 | D:3      | Reached XP level 5. HP: 1/35 MP: 0/0
  3151 | D:3      | Learned a level 2 spell: Ensorcelled Hibernation
  3151 | D:3      | Reached XP level 6. HP: 2/40 MP: 0/0
  3554 | D:2      | Identified the +7 war axe "Omelette" {vorpal, Int+4}
  4182 | D:2      | HP: 1/41 [phantom (8)]
  4183 | D:2      | Slain by a phantom

Illustrated notes

Levels and vault maps discovered:
D:1:      saegor_arrival_miasma, layout_basic, serial_shops, shop_statue,
          nicolae_shop_hallway_plus, hellmonk_ecumenical_altar_watching_god
D:2:      layout_basic, chequers_mini_garden
D:3:      layout_basic, hangedman_decor_opposing, minivault_19,
          lemuel_another_geyser, uniq_robin, uniq_sigmund

Skill      XL: |  1  2  3  4 |
---------------+-------------+-----
Spellcasting   | 4 5 |  5.1
Maces & Flails | 1 |  1.1
Stealth        | 2 |  2.0
Fighting       | |  0.4
Dodging        | |  2.4
Unarmed Combat | |  0.4

Action                   |  1- 3 |  4- 6 || total
-------------------------+-------+-------++-------
Melee: Unarmed           |    13 |       ||    13
       Flail             |     7 |    33 ||    40
 Cast: Freeze            |    30 |    12 ||    42
       Pain              |    13 |    15 ||    28
       Frozen Ramparts   |     6 |     6 ||    12
       Ozocubu's Armour  |       |     2 ||     2
 Stab: Sleeping          |     1 |       ||     1
Armor: Robe              |    10 |    13 ||    23
Dodge: Dodged            |    29 |    28 ||    57
